[Event "*** SCC Grand Prix: Titled Tuesday Blitz"]
[Site "Chess.com"]
[Date "2020.07.21"]
[Round "8"]
[White "The_Machine04"]
[Black "mikheeva86"]
[Result "1-0"]
[WhiteElo "2284"]
[BlackElo "1931"]
[TimeControl "180+1"]
[EndTime "11:34:38 PDT"]
[Termination "The_Machine04 won by resignation"]

1. d4 Nf6 2. Bg5 e6 3. Nd2 Be7 4. e4 d5 5. e5 Ne4 6. Bxe7 Qxe7 7. Nxe4 dxe4 8. c3 c5 9. Ne2 Nc6 10. a3 cxd4 11. cxd4 O-O 12. Qc2 Qh4 13. g3 Qg4 14. Bg2 Rd8 15. Rd1 e3 16. fxe3 Bd7 17. Qe4 Qxe4 18.
Bxe4 Rac8 19. b4 b6 20. O-O Ne7 21. Rc1 Bb5 22. Kf2 Nd5 23. Bxd5 exd5 24. Rxc8 Rxc8 25. Rc1 Rxc1 26. Nxc1 Kf8 27. Ne2 Ke7 28. Nf4 Bc4 29. h4 a5 30. bxa5 bxa5 31. g4 f6 32. exf6+ Kxf6 33. Kf3 g6 34. e4 dxe4+ 35. Kxe4 h6 36. d5 Bb5 37. Kd4 Bd7 38. g5+ hxg5 39. hxg5+ Kxg5 40. Ke5 Kh4 41. Nxg6+ Kg5 1-0

[Event "*** SCC Grand Prix: Titled Tuesday Blitz"]
[Site "Chess.com"]
[Date "2020.07.21"]
[Round "8"]
[White "GMBenjaminBok"]
[Black "Undisputed92"]
[Result "1-0"]
[WhiteElo "2864"]
[BlackElo "2643"]
[TimeControl "180+1"]
[EndTime "11:34:39 PDT"]
[Termination "GMBenjaminBok won by resignation"]

1. d4 d5 2. c4 c6 3. Nf3 e6 4. e3 Nf6 5. b3 dxc4 6. Bxc4 b5 7.
Bd3 a6 8. a4 Bb7 9. O-O Nbd7 10. Bb2 Be7 11. Nbd2 O-O 12. Qe2 Re8 13. Rfd1 Nf8 14. Rac1 Nd5 15. Ne5 f6 16. Nxc6 Bxc6 17.
Rxc6 bxa4 18. bxa4 Nb4 19. Rcc1 Qd7 20. Nc4 Rab8 21. a5 Nxd3 22. Qxd3 Rb5 23. Bc3 Bd8 24. Rb1 Ng6 25. Rxb5 axb5 26. Na3 b4 27. Bxb4 Qa4 28.
Rb1 Bxa5 29. Bxa5 Qxa5 30. g3 Ra8 31. Nc4 Qa6 32. Rb6 Qa1+ 33. Kg2 Qc1 34. Rb1 1-0

[Event "*** SCC Grand Prix: Titled Tuesday Blitz"]
[Site "Chess.com"]
[Date "2020.07.21"]
[Round "8"]
[White "cassoulet"]
[Black "grunbergmihai"]
[Result "1-0"]
[WhiteElo "2645"]
[BlackElo "2430"]
[TimeControl "180+1"]
[EndTime "11:34:39 PDT"]
[Termination "cassoulet won by resignation"]

1. e4 Nf6 2. Nc3 d5 3. e5 Nfd7 4. f4 c5 5. Nf3 Nc6 6. g3 d4 7. Ne4 e6 8. d3 f5 9. exf6 Nxf6 10. Qe2 Be7 11. Neg5 O-O 12. Nxe6 Bxe6 13. Qxe6+ Kh8 14.
Bg2 Qa5+ 15. Bd2 Qb6 16. O-O-O Nb4 17. Qxb6 Nxa2+ 18. Kb1 axb6 19. Ne5 Ra7 20. Nc4 Rfa8 21. Rde1 b5 22. Na3 Nc3+ 23. Bxc3 dxc3 24. Rxe7 cxb2 25. Nxb5 Ra1+ 26. Kxb2 1-0

[Event "*** SCC Grand Prix: Titled Tuesday Blitz"]
[Site "Chess.com"]
[Date "2020.07.21"]
[Round "8"]
[White "Mazetovic"]
[Black "LawrenceTrent"]
[Result "0-1"]
[WhiteElo "2656"]
[BlackElo "2570"]
[TimeControl "180+1"]
[EndTime "11:34:42 PDT"]
[Termination "LawrenceTrent won by resignation"]

1. g4 d5 2. Bg2 Bxg4 3. c4 d4 4. Bxb7 Nd7 5. d3 Rb8 6. Bg2 Ngf6 7. Nf3 e5 8. O-O Bd6 9. b3 Qe7 10. Nbd2 h6 11. Ne1 Rb6 12. Ne4 Nxe4 13. dxe4 Bb4 14. Nd3 Bc3 15. Rb1 Qh4 16. Kh1 O-O 17. Bf3 f5 18.
Rg1 Bxf3+ 19. exf3 fxe4 20. fxe4 Qxe4+ 21. Rg2 Nc5 22. Nxc5 Qxb1 23. Rxg7+ Kh8 24. Nd3 Bd2 25. Qxd2 Kxg7 26. f3 e4 27. Ne5 e3 28. Qe1 Kh7 29. Kg2 Qf5 30. Qg3 Rg8 31. Ng4 Rbg6 32. Qxc7+ R6g7 0-1

[Event "*** SCC Grand Prix: Titled Tuesday Blitz"]
[Site "Chess.com"]
[Date "2020.07.21"]
[Round "8"]
[White "UCantHandleDenker"]
[Black "Matveev_Vladimir"]
[Result "0-1"]
[WhiteElo "2557"]
[BlackElo "2674"]
[TimeControl "180+1"]
[EndTime "11:34:45 PDT"]
[Termination "Matveev_Vladimir won by resignation"]

1. Nf3 Nf6 2. g3 g6 3. Bg2 Bg7 4. O-O O-O 5. c4 d6 6. Nc3 Nc6 7. d3 e5 8. Rb1 Nh5 9. b4 f5 10. b5 Ne7 11. Bd2 h6 12. e3 Nf6 13. a4 g5 14. a5 Rb8 15. Qc2 Ng6 16. Nd5 Nxd5 17. cxd5 g4 18. Ne1 h5 19. f3 gxf3 20. Nxf3 h4 21. Rbc1 Rf7 22. e4 f4 23. gxf4 Nxf4 24.
Bxf4 exf4 25. Kf2 Kh8 26. Rg1 Bg4 27. Bh1 Bxf3 28. Bxf3 Bd4+ 29. Ke2 Bxg1 30. Rxg1 Qf6 31. d4 Qxd4 0-1

[Event "*** SCC Grand Prix: Titled Tuesday Blitz"]
[Site "Chess.com"]
[Date "2020.07.21"]
[Round "8"]
[White "RoelandPruijssers"]
[Black "killer311"]
[Result "0-1"]
[WhiteElo "2559"]
[BlackElo "2413"]
[TimeControl "180+1"]
[EndTime "11:34:45 PDT"]
[Termination "killer311 won by resignation"]

1. e4 c6 2. d4 d5 3. e5 Bf5 4. Nf3 e6 5. Be2 c5 6. Be3 cxd4 7. Nxd4 Ne7 8. Bb5+ Nbc6 9. O-O Bg6 10.
Nd2 a6 11. Bxc6+ Nxc6 12. Nxc6 bxc6 13. Nb3 Qc7 14. f4 c5 15. c4 dxc4 16. Nd2 Bd3 17. Qf3 Rb8 18. Rfc1 Rxb2 19. Nxc4 Bxc4 20. Rxc4 Be7 21.
Qg3 O-O 22. f5 exf5 23. Bh6 Bf6 24. Re1 Rd8 25. Be3 Bxe5 26. Qf3 Qb7 27. Bc1 Qxf3 28. gxf3 Bxh2+ 29. Kh1 Bg3 30. Bxb2 Bxe1 31. Rxc5 g6 32. Bf6 Re8 33. Kg2 Bb4 34. Rc6 a5 35. Kg3 h6 36.
Rc7 Bd6+ 0-1

[Event "*** SCC Grand Prix: Titled Tuesday Blitz"]
[Site "Chess.com"]
[Date "2020.07.21"]
[Round "8"]
[White "Jaka_Brilej"]
[Black "Ze-Pequeno"]
[Result "1-0"]
[WhiteElo "2355"]
[BlackElo "2236"]
[TimeControl "180+1"]
[EndTime "11:34:45 PDT"]
[Termination "Jaka_Brilej won by resignation"]

1. e4 c5 2. Nf3 d6 3. d4 cxd4 4. Nxd4 Nf6 5. Nc3 a6 6. f3 e6 7. Be3 b5 8. Qd2 Bb7 9. g4 Nfd7 10. O-O-O Nb6 11. Bd3 N8d7 12. Rhe1 Rc8 13. Kb1 Be7 14. f4 O-O 15. g5 Nc5 16. f5 b4 17. Nce2 e5 18. f6 gxf6 19. gxf6 Bxf6 20. Nf5 Nxe4 21. Qxb4 Nd5 22. Qxb7 Nec3+ 23. Nxc3 Nxc3+ 24. Ka1 Qa5 25. a3 Nxd1 26. Nh6+ Kh8 27. Qe4 1-0

[Event "*** SCC Grand Prix: Titled Tuesday Blitz"]
[Site "Chess.com"]
[Date "2020.07.21"]
[Round "8"]
[White "felipelobo"]
[Black "NotFischer"]
[Result "0-1"]
[WhiteElo "2109"]
[BlackElo "2250"]
[TimeControl "180+1"]
[EndTime "11:34:47 PDT"]
[Termination "NotFischer won on time"]

1. e4 d5 2. exd5 Nf6 3. Nc3 Nxd5 4. d4 c5 5. dxc5 Nxc3 6. Qxd8+ Kxd8 7. bxc3 e5 8. Be3 Nd7 9. Rd1 Kc7 10. Bc4 f6 11.
Ne2 Bxc5 12. Rxd7+ Bxd7 13. Bxc5 b6 14. Be3 Kb7 15. O-O Rac8 16. Bd5+ Bc6 17. Rd1 Rhe8 18.
f3 Re7 19. Bxc6+ Rxc6 20. Kf2 Rc4 21. Rd8 Ra4 22. Rh8 h6 23. Ng3 Rxa2 24. Nf5 Rxc2+ 25.
Kg3 Rd7 26. Rg8 Rxc3 27. Bf2 e4 28. Nxg7 e3 29. Be1 Rc1 30. Bb4 e2 31. Nf5 a5 0-1

[Event "*** SCC Grand Prix: Titled Tuesday Blitz"]
[Site "Chess.com"]
[Date "2020.07.21"]
[Round "8"]
[White "Beca95"]
[Black "David_Paravyan"]
[Result "1-0"]
[WhiteElo "2854"]
[BlackElo "2990"]
[TimeControl "180+1"]
[EndTime "11:34:49 PDT"]
[Termination "Beca95 won by resignation"]

1. d4 d5 2. Nf3 e6 3. c4 dxc4 4. e3 c5 5. Bxc4 cxd4 6. exd4 Nf6 7. Nc3 Be7 8. O-O O-O 9. Qe2 b6 10. Rd1 Bb7 11. Ne5 Nc6 12. Be3 Rc8 13. a3 Qc7 14.
Nb5 Qb8 15. Bf4 Nxe5 16. dxe5 Nd5 17. Bxd5 Bxd5 18. Qg4 Rc4 19. Qg3 Rd8 20. Bh6 Bf8 21. Nd6 Rc2 22. b4 Qc7 23. Rac1 f5 24. h4 f4 25. Bxf4 Qc6 26. Rxc2 Qxc2 27. Rc1 Qg6 28.
Qxg6 hxg6 29. Rc7 a5 30. b5 a4 31. Bg5 Bxd6 32. exd6 Rxd6 33. Be7 1-0

[Event "*** SCC Grand Prix: Titled Tuesday Blitz"]
[Site "Chess.com"]
[Date "2020.07.21"]
[Round "8"]
[White "Tactictic"]
[Black "Borsuk_Konstantin"]
[Result "0-1"]
[WhiteElo "2389"]
[BlackElo "2565"]
[TimeControl "180+1"]
[EndTime "11:34:50 PDT"]
[Termination "Borsuk_Konstantin won by resignation"]

1. e4 e6 2. d4 d5 3. Nd2 Nf6 4. e5 Nfd7 5. Bd3 c5 6. c3 Nc6 7. Ne2 b6 8. f4 cxd4 9. cxd4 Nb4 10. Bb5 a6 11. Ba4 Nd3+ 12. Kf1 Be7 13. Nf3 Nxc1 14.
Rxc1 b5 15. Bc2 Nb6 16. b3 Ba3 17. Rb1 Bd7 18. g4 h5 19. Rg1 hxg4 20. Rxg4 g6 21. Ng5 Rxh2 22. Kg1 Rh6 23. Qd3 Qe7 24. b4 Bxb4 25. Kf2 Ba5 26. Rbg1 O-O-O 27. a4 Kb7 28. Ra1 bxa4 29. Nc3 Bxc3 30. Qxc3 Rh2+ 31. Kg3 Rc8 32. Qxc8+ Bxc8 33. Kxh2 Bd7 34. Rg3 Bb5 35. Rc3 Qb4 36. Rc5 Qxd4 0-1

[Event "*** SCC Grand Prix: Titled Tuesday Blitz"]
[Site "Chess.com"]
[Date "2020.07.21"]
[Round "8"]
[White "GukeshDommaraju"]
[Black "Chessmasterzt"]
[Result "1-0"]
[WhiteElo "2718"]
[BlackElo "2596"]
[TimeControl "180+1"]
[EndTime "11:34:51 PDT"]
[Termination "GukeshDommaraju won on time"]

1. d4 Nf6 2. c4 e6 3. Nf3 Bb4+ 4. Nc3 O-O 5. Bd2 c5 6. a3 Bxc3 7. Bxc3 Ne4 8. Qc2 Nxc3 9. Qxc3 b6 10. d5 exd5 11.
cxd5 d6 12. e3 Nd7 13. Bc4 Rb8 14. O-O b5 15. Be2 Qf6 16. Nd2 Qxc3 17. bxc3 Nf6 18. e4 Re8 19. Bd3 c4 20. Bc2 Nd7 21. Rfb1 Nc5 22.
Nxc4 Nxe4 23. Bxe4 Rxe4 24. Nxd6 Ra4 25. c4 b4 26.
axb4 Rbxb4 27. Nxc8 1-0

[Event "*** SCC Grand Prix: Titled Tuesday Blitz"]
[Site "Chess.com"]
[Date "2020.07.21"]
[Round "8"]
[White "MacDaddyMac"]
[Black "AungTZ"]
[Result "1-0"]
[WhiteElo "2373"]
[BlackElo "2044"]
[TimeControl "180+1"]
[EndTime "11:34:52 PDT"]
[Termination "MacDaddyMac won by checkmate"]

1. e4 c5 2. Nc3 a6 3. f4 e6 4. Nf3 d5 5. d3 Nc6 6. g3 Nf6 7. Bg2 Be7 8. O-O O-O 9. h3 Rb8 10.
g4 b5 11. Qe1 b4 12. Nd1 Bb7 13. g5 Nd7 14. Qg3 Bd6 15. e5 Be7 16. Nf2 Re8 17. Ng4 Kh8 18. Be3 Nf8 19. h4 Nd7 20. h5 Rg8 21. Qh3 f5 22. exf6 gxf6 23. g6 f5 24. Nh6 Rg7 25. Ng5 Bxg5 26. fxg5 Nce5 27. d4 cxd4 28. Bxd4 Qxg5 29. Nf7+ Rxf7 30. gxf7 Qf6 31. Rae1 Nf3+ 32. Qxf3 Qxd4+ 33. Qe3 Qxe3+ 34. Rxe3 Nf8 35. Rxf5 Bc8 36. Rg5 Nd7 37. Rg8# 1-0

[Event "*** SCC Grand Prix: Titled Tuesday Blitz"]
[Site "Chess.com"]
[Date "2020.07.21"]
[Round "8"]
[White "maxip32"]
[Black "Chessbard1972"]
[Result "1-0"]
[WhiteElo "2427"]
[BlackElo "2302"]
[TimeControl "180+1"]
[EndTime "11:34:55 PDT"]
[Termination "maxip32 won by resignation"]

1. e4 c5 2. Nf3 a6 3. c4 e6 4. Nc3 Qc7 5. d4 cxd4 6. Nxd4 Nf6 7. Be2 b6 8. O-O Bb7 9. Qd3 Nc6 10. Nxc6 dxc6 11. Be3 c5 12. f4 Rd8 13. Qc2 Be7 14. e5 Nd7 15. Bd3 g6 16. Be4 O-O 17. Rad1 f5 18.
exf6 Nxf6 19. Bxb7 Qxb7 20. Rxd8 Rxd8 21. Rd1 Ng4 22.
Rxd8+ Bxd8 23. Bc1 Bf6 24. h3 Bd4+ 25. Kf1 Ne3+ 26. Bxe3 Bxe3 27. Ne2 b5 28. Qd3 Bd4 29. Nxd4 Qd7 30. cxb5 axb5 31. Qxb5 Qxd4 32. Qe8+ Kg7 33.
Qe7+ Kh6 34. Qg5+ Kg7 35. Qe5+ Kf7 36. Qxd4 cxd4 37. Ke2 e5 38. fxe5 Ke6 39. Kd3 Kxe5 40. a4 Kd5 41. a5 Kc5 42. b4+ Kxb4 43. a6 1-0

[Event "*** SCC Grand Prix: Titled Tuesday Blitz"]
[Site "Chess.com"]
[Date "2020.07.21"]
[Round "8"]
[White "tylityli"]
[Black "Fortitudine"]
[Result "1-0"]
[WhiteElo "2153"]
[BlackElo "2265"]
[TimeControl "180+1"]
[EndTime "11:34:56 PDT"]
[Termination "tylityli won by resignation"]

1. d4 Nf6 2. c4 c5 3. d5 b5 4.
Nd2 g6 5. e4 d6 6. b3 Bg7 7. Bb2 O-O 8. cxb5 a6 9. Qc2 Nbd7 10.
Ngf3 Qa5 11. a4 Bb7 12. Bc4 Ng4 13. Bxg7 Kxg7 14. O-O axb5 15. Bxb5 Nb6 16. h3 Nf6 17. Nc4 Nxc4 18. bxc4 Ba6 19. Qb2 Qb4 20. Qxb4 cxb4 21. e5 Ne4 22. exd6 Nxd6 23. Rfb1 Nxc4 24. Rxb4 Bxb5 25. Rxb5 Rfb8 26. Rxb8 Rxb8 27. a5 Ra8 28. a6 Nb6 29. Nd4 Nxd5 30. Nc6 e6 31. a7 h5 32. Rb1 Rc8 33. Rb8 Rxc6 34. a8=Q Rc1+ 35. Kh2 1-0

[Event "*** SCC Grand Prix: Titled Tuesday Blitz"]
[Site "Chess.com"]
[Date "2020.07.21"]
[Round "8"]
[White "imdvb6307"]
[Black "Ausbildung"]
[Result "1-0"]
[WhiteElo "2406"]
[BlackElo "2242"]
[TimeControl "180+1"]
[EndTime "11:34:57 PDT"]
[Termination "imdvb6307 won by resignation"]

1. c4 g6 2. Nf3 Bg7 3. d4 d6 4. Nc3 e5 5. dxe5 dxe5 6. Qxd8+ Kxd8 7. h4 c6 8. h5 f6 9. e3 Kc7 10. b3 Bg4 11. hxg6 hxg6 12. Rxh8 Bxh8 13. Ba3 Nh6 14. O-O-O Nf7 15. Bd3 f5 16. e4 Nd7 17. Rh1 Bh5 18.
exf5 Rg8 19. Nh4 gxf5 20. Nxf5 Bg6 21. Ne7 Bxd3 22. Nxg8 e4 23. Nd1 Bd4 24. Bb2 c5 25. Ne7 Nfe5 26. Nf5 Bxb2+ 27. Nxb2 Ng4 28. Nxd3 exd3 29.
f3 Nge5 30. Kd2 b5 31. cxb5 Nb6 32. Rh7+ Kb8 33. Ne7 Nbd7 34. Nc6+ 1-0

[Event "*** SCC Grand Prix: Titled Tuesday Blitz"]
[Site "Chess.com"]
[Date "2020.07.21"]
[Round "8"]
[White "Giraffe_Chess"]
[Black "CzechmVIII"]
[Result "1-0"]
[WhiteElo "2380"]
[BlackElo "2193"]
[TimeControl "180+1"]
[EndTime "11:35:02 PDT"]
[Termination "Giraffe_Chess won by resignation"]

1. d4 Nf6 2. c4 c5 3. d5 b5 4. f3 bxc4 5. e4 e6 6. Bxc4 exd5 7. Bxd5 Nxd5 8. Qxd5 Nc6 9. Ne2 Be7 10. O-O O-O 11.
Nbc3 Rb8 12. Be3 Nb4 13. Qd2 Ba6 14. Rfd1 d5 15. exd5 Bd6 16. Nf4 Re8 17. Rac1 Qc7 18. g3 Rxe3 19. Qxe3 Bxf4 20. Qxf4 Qxf4 21. gxf4 Nd3 22.
Rc2 Rd8 23. Rcd2 Nxf4 24. d6 c4 25. Nd5 Nd3 26. Nc7 Bb7 27. b3 Rxd6 28. bxc4 Rg6+ 29. Kf1 Bxf3 30. Rxd3 h5 31. R1d2 Bg4 32. Nd5 Be6 33.
Ne7+ Kh7 34. Nxg6 Kxg6 35. Rd6 1-0

[Event "*** SCC Grand Prix: Titled Tuesday Blitz"]
[Site "Chess.com"]
[Date "2020.07.21"]
[Round "8"]
[White "Julianos82"]
[Black "RenarddesSurfaces"]
[Result "0-1"]
[WhiteElo "2269"]
[BlackElo "2414"]
[TimeControl "180+1"]
[EndTime "11:35:04 PDT"]
[Termination "RenarddesSurfaces won by resignation"]

1. d4 d5 2. Bf4 Nf6 3. e3 c5 4. c3 Nc6 5. Nd2 Bf5 6. Ngf3 Qb6 7. Qb3 c4 8. Qxb6 axb6 9. a3 b5 10. Rd1 Nd7 11. Nh4 e6 12. f3 Nb6 13. e4 dxe4 14.
fxe4 Bg4 15. Be2 Bxe2 16. Kxe2 Na4 17. Rb1 Bxa3 18. bxa3 Nxc3+ 19. Kf2 Nxb1 20. Rxb1 Nxd4 21. Bd6 Kd7 22. Be5 Nc2 23. Rxb5 Kc6 24. Rb2 Nxa3 25. Nhf3 b5 26. Bxg7 Rhb8 27. Bc3 Ra4 28. Bb4 Rxb4 29. Rxb4 Kc5 30. Rb2 c3 31. Ra2 cxd2 32.
Nxd2 b4 33. Ke3 Nc4+ 34. Nxc4 Kxc4 35. Rc2+ Kb3 36. Rc7 Ka2 37. Rxf7 b3 38. Rxh7 b2 39. Ra7+ Kb3 0-1

[Event "*** SCC Grand Prix: Titled Tuesday Blitz"]
[Site "Chess.com"]
[Date "2020.07.21"]
[Round "8"]
[White "TheWolfSpur"]
[Black "Harry_Rakkel"]
[Result "0-1"]
[WhiteElo "2386"]
[BlackElo "2548"]
[TimeControl "180+1"]
[EndTime "11:35:05 PDT"]
[Termination "Harry_Rakkel won by resignation"]

1. d4 Nf6 2. c4 e6 3. Nf3 d5 4.
Nc3 Nbd7 5. Bf4 dxc4 6. e3 Nd5 7. Bxc4 Nxf4 8. exf4 Nb6 9. Bd3 g6 10. O-O Bg7 11.
Qe2 O-O 12. Rad1 Nd5 13. g3 b6 14. Ne5 Bb7 15. Be4 Rc8 16. Rfe1 a6 17. Bg2 Qd6 18.
Ne4 Qb4 19. a3 Qb5 20. Qxb5 axb5 21. Bf1 c6 22. Nd6 Rc7 23. Nxb7 Bxe5 24. dxe5 Rxb7 25. Bg2 Ra8 26. Rc1 c5 27. Red1 Rd7 28. h4 Ra4 29. h5 Kf8 30. Bxd5 Rxd5 31. Rxd5 exd5 32. h6 d4 33. Kf1 b4 34. axb4 Rxb4 35. Rc2 Ke7 36. Ke2 Ke6 37. Kd3 Kd5 38. Rd2 c4+ 39. Kc2 b5 40.
Rd1 Ra4 41. Re1 b4 42. b3 d3+ 43. Kb1 cxb3 44. Kb2 Ra2+ 45. Kxb3 Rxf2 46. Rd1 Kd4 47. Kxb4 d2 48. Kb3 Kd3 49. Kb2 Rh2 50. g4 Rxh6 51.
f5 gxf5 52. gxf5 Rb6+ 53. Ka3 Kc2 0-1

[Event "*** SCC Grand Prix: Titled Tuesday Blitz"]
[Site "Chess.com"]
[Date "2020.07.21"]
[Round "8"]
[White "JuliaEfremova"]
[Black "Oglob71"]
[Result "0-1"]
[WhiteElo "2348"]
[BlackElo "2525"]
[TimeControl "180+1"]
[EndTime "11:35:05 PDT"]
[Termination "Oglob71 won by resignation"]

1. e4 c5 2. d4 cxd4 3. c3 Nf6 4. e5 Nd5 5. cxd4 d6 6. exd6 Qxd6 7. Nf3 Nc6 8. Be2 g6 9. O-O Bg7 10. Nc3 O-O 11.
Be3 Bf5 12. Nxd5 Qxd5 13. Qa4 Rad8 14. Bc4 Qa5 15. Qb3 Qb4 16. Qxb4 Nxb4 17. Rac1 Be4 18. Ne5 Bd5 19. a3 Bxc4 20. Rxc4 Nd5 21. Rfc1 Nxe3 22. fxe3 Bxe5 23. dxe5 Rd7 24. e6 fxe6 25. Rc7 Rfd8 26. Kf2 Kf7 27. Kf3 a6 28. Ke4 b5 29. Rf1+ Kg7 30. Rxd7 Rxd7 31. Rf2 Rd5 32. Rc2 a5 33. b4 axb4 34. axb4 Kf6 35. Rc5 Rd2 36. Rxb5 Rxg2 37. Rb8 Rxh2 38. b5 Rb2 39. b6 Rb5 40. b7 Kg7 41. Kd4 h5 42. Kc4 Rb1 43. Kc5 h4 44. Kc6 h3 45. Ra8 h2 46. Ra1 h1=Q+ 0-1

[Event "*** SCC Grand Prix: Titled Tuesday Blitz"]
[Site "Chess.com"]
[Date "2020.07.21"]
[Round "8"]
[White "keshka01"]
[Black "1f3_2g41-0"]
[Result "1/2-1/2"]
[WhiteElo "2561"]
[BlackElo "2400"]
[TimeControl "180+1"]
[EndTime "11:35:06 PDT"]
[Termination "Game drawn - insufficient material"]

1. e4 c5 2. Nf3 d6 3. d4 cxd4 4. Nxd4 Nf6 5. Nc3 a6 6. h3 e5 7. Nde2 h5 8. g3 Be7 9. Bg2 b5 10. O-O Bb7 11. a4 b4 12. Nd5 Nxd5 13. exd5 O-O 14. f4 Nd7 15. Kh2 Bf6 16. fxe5 Bxe5 17. Bf4 Bxf4 18. Nxf4 h4 19. Qg4 hxg3+ 20. Qxg3 Ne5 21.
Nh5 Ng6 22. Be4 Qh4 23. Bxg6 Qxg3+ 24. Kxg3 fxg6 25. Nf4 g5 26. Ne6 Rxf1 27. Rxf1 Bxd5 28. Nc7 Bc4 29. Nxa8 Bxf1 30. a5 Kf7 31. Nb6 Ke6 32.
Kg4 d5 33. Kxg5 Bxh3 34. c3 bxc3 35. bxc3 Bg2 36. Kg6 Kd6 37. Kxg7 Kc5 38. Kf6 Kb5 39. Ke5 Kxa5 40. Nxd5 Kb5 41. Kd4 a5 42. c4+ Kc6 43. Nc3 Bf1 44. Na4 Bxc4 45. Kxc4 Kd6 46. Nc3 Kc6 47.
Kb3 Kc5 48. Ka4 Kc4 49. Na2 Kc5 50. Nc1 Kd4 51. Nb3+ Kc4 52. Nxa5+ 1/2-1/2

[Event "*** SCC Grand Prix: Titled Tuesday Blitz"]
[Site "Chess.com"]
[Date "2020.07.21"]
[Round "8"]
[White "Sashadav97"]
[Black "Kezin_Roman"]
[Result "0-1"]
[WhiteElo "2611"]
[BlackElo "2740"]
[TimeControl "180+1"]
[EndTime "11:35:07 PDT"]
[Termination "Kezin_Roman won by resignation"]

1. d4 d5 2. c4 e6 3. Nc3 c6 4. Nf3 Nf6 5. Bg5 dxc4 6. e4 b5 7. e5 h6 8. Bh4 g5 9. Nxg5 hxg5 10. Bxg5 Nbd7 11. g3 Rg8 12. h4 Rxg5 13. hxg5 Nd5 14. g6 fxg6 15. Qg4 Qe7 16. Qxg6+ Qf7 17. Qg4 Bb7 18. Bh3 Nxc3 19. bxc3 c5 20. Rh2 cxd4 21. cxd4 Bd5 22. f4 Bb4+ 23. Ke2 O-O-O 24. f5 exf5 25. Qxf5 Qg8 26. Bg4 Kb8 27. Rh6 Nb6 28. e6 Rf8 29. Qe5+ Ka8 30. Bf5 Qg5 31. Rh8 Qd2+ 0-1

[Event "*** SCC Grand Prix: Titled Tuesday Blitz"]
[Site "Chess.com"]
[Date "2020.07.21"]
[Round "8"]
[White "TST2014"]
[Black "alexsergeyev"]
[Result "1-0"]
[WhiteElo "2508"]
[BlackElo "2349"]
[TimeControl "180+1"]
[EndTime "11:35:07 PDT"]
[Termination "TST2014 won on time"]

1. d4 d5 2. c4 c6 3. Nf3 Nf6 4. Nc3 dxc4 5. a4 Bg4 6. Ne5 Bh5 7. h3 Na6 8. g4 Bg6 9. Bg2 Nb4 10. O-O e6 11. e4 Be7 12. Nxc4 c5 13. d5 exd5 14. exd5 Bd3 15. Re1 Bxc4 16. d6 Be6 17. Bf4 Nc6 18. Nb5 O-O 19. Nc7 Rc8 20. Nxe6 fxe6 21. dxe7 Qxe7 22.
Bd6 Qf7 23. Bxf8 Rxf8 24. Bxc6 bxc6 25. Qe2 Re8 26. Rad1 Nd5 27. Rc1 Qf6 28. Rxc5 Nf4 29. Qf3 1-0

[Event "*** SCC Grand Prix: Titled Tuesday Blitz"]
[Site "Chess.com"]
[Date "2020.07.21"]
[Round "8"]
[White "AGW2016"]
[Black "goofypenguin96"]
[Result "1-0"]
[WhiteElo "2258"]
[BlackElo "2350"]
[TimeControl "180+1"]
[EndTime "11:35:07 PDT"]
[Termination "AGW2016 won on time"]

1. d4 d5 2. c4 c6 3. Nf3 Nf6 4. Qb3 g6 5. g3 Bg7 6. Bg2 O-O 7. O-O dxc4 8. Qxc4 Nbd7 9. Nc3 Nb6 10. Qb3 Bf5 11. Ne5 Nfd5 12. e4 Nxc3 13. bxc3 Be6 14. Qc2 Bxe5 15.
dxe5 Bc4 16. Rd1 Qc7 17. Bf4 Rad8 18. e6 Qc8 19. exf7+ Bxf7 20. Bh6 Rfe8 21. Rxd8 Rxd8 22. Rd1 Rxd1+ 23. Qxd1 Qd7 24. Qe2 Bc4 25. Qc2 Qe6 26. Qd2 Qd7 27. Qc2 e5 28. h4 Qe6 29. Qd2 Qd7 30.
Qg5 Bxa2 31. Qf6 Qf7 32. Qd8+ 1-0

[Event "*** SCC Grand Prix: Titled Tuesday Blitz"]
[Site "Chess.com"]
[Date "2020.07.21"]
[Round "8"]
[White "Omk124"]
[Black "BikingBrian"]
[Result "1-0"]
[WhiteElo "2353"]
[BlackElo "2214"]
[TimeControl "180+1"]
[EndTime "11:35:07 PDT"]
[Termination "Omk124 won by resignation"]

1. e4 c5 2. Nf3 g6 3. d4 cxd4 4. Nxd4 Nc6 5. c4 Nf6 6. Nc3 d6 7. Be2 Nxd4 8. Qxd4 Bg7 9. Be3 O-O 10. Qd2 a5 11.
O-O a4 12. Rac1 Qa5 13. Rfd1 Be6 14. f3 Rfc8 15. Nb5 Nd7 16. Nd4 Qxd2 17. Rxd2 Nc5 18. Nxe6 Nxe6 19. Rdc2 a3 20. b3 Nd4 21. Rd2 Nxb3 22. axb3 a2 23. Rxa2 Rxa2 24. Bf1 Rb2 25. Bg5 Bd4+ 26. Kh1 f6 27. Bf4 Rxb3 28. c5 Rc3 29.
Rb1 R8xc5 30. Rxb7 Rc1 31. Bxc1 Rxc1 32. g4 Rxf1+ 33.
Kg2 Rf2+ 34. Kg3 Kf7 35. Rb4 Bc5 36. Rc4 Rf1 37. Kg2 Rf2+ 38. Kg3 Rb2 39. h4 h5 40. gxh5 gxh5 41. Ra4 Bd4 42. Rxd4 Ke6 43. Rd5 f5 44. Rxf5 Rb8 45. Rxh5 Rg8+ 46. Rg5 Rh8 47. Kg4 Kf6 48. h5 e6 49. Rg6+ Ke7 50. Kg5 d5 51. exd5 exd5 52.
h6 d4 53. Rg7+ Ke6 54. Ra7 Rg8+ 55. Kh5 Kd5 56. h7 Rh8 57. Kh6 d3 58. Kg7 Rd8 59. h8=Q Rxh8 60. Kxh8 Kd4 61. Rd7+ Ke3 62. f4 d2 63. f5 1-0

[Event "*** SCC Grand Prix: Titled Tuesday Blitz"]
[Site "Chess.com"]
[Date "2020.07.21"]
[Round "8"]
[White "dopolian"]
[Black "ChadBiryani"]
[Result "0-1"]
[WhiteElo "2412"]
[BlackElo "2330"]
[TimeControl "180+1"]
[EndTime "11:35:08 PDT"]
[Termination "ChadBiryani won by resignation"]

1. Nf3 e6 2. c4 g5 3. d4 g4 4. Nfd2 d5 5. Nc3 Nc6 6. e3 h5 7. b3 Bg7 8. Bb2 Nge7 9. a3 Nf5 10. Bd3 Qg5 11. cxd5 exd5 12. Qe2 O-O 13. O-O-O Re8 14. Qf1 Nfxd4 15. exd4 Nxd4 16. Kb1 Bf5 17. f4 Qg6 18. Bxf5 Qxf5+ 19. Ka2 Nc2 20. Qf2 Bd4 21. Qh4 Bf6 22. Qg3 Re3 23. Qf2 Bxc3 24. Bxc3 Rxc3 25. Nb1 Rc6 26. Rd2 d4 27. g3 Rd8 28. Rhd1 d3 29.
h3 Qf6 30. Rxc2 Rxc2+ 0-1

[Event "*** SCC Grand Prix: Titled Tuesday Blitz"]
[Site "Chess.com"]
[Date "2020.07.21"]
[Round "8"]
[White "Anton_Demchenko"]
[Black "OparinGrigoriy"]
[Result "0-1"]
[WhiteElo "2824"]
[BlackElo "2943"]
[TimeControl "180+1"]
[EndTime "11:35:09 PDT"]
[Termination "OparinGrigoriy won by resignation"]

1. d4 Nf6 2. Nf3 e6 3. Bf4 b6 4. e3 Bb7 5. Bd3 g6 6. Nbd2 Bg7 7. e4 O-O 8. c3 d6 9. h3 Nbd7 10. O-O e5 11. Bg5 h6 12. Bh4 Re8 13. Re1 a6 14. a4 c6 15. Bg3 Nh5 16. Bh2 b5 17. Qc2 Qb6 18. a5 Qc7 19. b4 c5 20. bxc5 dxc5 21. d5 c4 22. Bf1 Nc5 23. Qb2 Rad8 24. Nd4 Qc8 25. Nc2 f5 26. exf5 gxf5 27. Nb4 e4 28. d6 f4 29. Nxc4 bxc4 30. Bxc4+ Kh8 31. Bf7 Re5 32.
Rab1 Rf8 33. Bc4 Qd7 34. Qd2 Rg5 35. Rbd1 Qxh3 36. Bf1 e3 37. fxe3 f3 38. e4 f2+ 39.
Qxf2 Rxf2 40. e5 Rfxg2+ 0-1

[Event "*** SCC Grand Prix: Titled Tuesday Blitz"]
[Site "Chess.com"]
[Date "2020.07.21"]
[Round "8"]
[White "MVM2008"]
[Black "OnePeculiarConundrum"]
[Result "1-0"]
[WhiteElo "2184"]
[BlackElo "2312"]
[TimeControl "180+1"]
[EndTime "11:35:09 PDT"]
[Termination "MVM2008 won by checkmate"]

1. Nf3 c5 2. e4 d6 3. d4 cxd4 4. Nxd4 Nf6 5. Nc3 a6 6. Bg5 Nbd7 7. Qd2 e6 8. O-O-O b5 9. f4 Bb7 10. Bxb5 axb5 11. Ndxb5 h6 12. Bh4 Qb6 13. e5 dxe5 14. fxe5 Nxe5 15. Rhe1 Nfd7 16. Bg3 Bb4 17. Bxe5 Nxe5 18.
Rxe5 O-O 19. Qd4 Qxd4 20. Rxd4 Be7 21. Rd7 Bf6 22. Re2 Ba6 23. a4 Bxc3 24. bxc3 Rac8 25. Re3 Rfd8 26. Red3 Rxd7 27. Rxd7 e5 28. Ra7 Rc6 29.
c4 e4 30. Kd2 f5 31. Nd4 Rd6 32. Ke3 Bxc4 33. Nxf5 Rc6 34. Ne7+ Kh7 35. Nxc6 Bf1 36. g3 h5 37. a5 Kg6 38. a6 Kh6 39. Nd4 g6 40. Ra8 h4 41. gxh4 Kh5 42. a7 Kg4 43. Rh8 g5 44. a8=Q gxh4 45. Qxe4+ Kh3 46. Qf3+ Kxh2 47.
Rxh4+ Bh3 48. Rxh3+ Kg1 49. Ne2# 1-0